 Dungeon Crawl Stone Soup version 0.30.1-11-g7821555f0a (webtiles) character file.

Game seed: 4439364046598938852

196 leafyfresh the Changer (level 5, -1/33 HPs)
             Began as an Octopode Transmuter on Jan 10, 2024.
             Slain by an adder (3 damage)
             ... on level 3 of the Dungeon.
             The game lasted 00:02:56 (1995 turns).

leafyfresh the Changer (Octopode Transmuter)        Turns: 1995, Time: 00:02:57

Health: -1/33      AC:  1    Str:  7 (10) XL:     5   Next: 75%
Magic:  8/8        EV: 13    Int: 18 (21) God:
Gold:   121        SH:  0    Dex: 11 (14) Spells: 4/8 levels left

rFire   . . .        g - +2 dagger (venom)
rCold   . . .        (no shield)
rNeg    . . .        (helmet restricted)
rPois   .            (no amulet)
rElec   .            j - +6 ring of intelligence
rCorr   .            (no ring)
SInv    .            (no ring)
Will    .....        (no ring)
Stlth   ++           (no ring)
HPRegen 0.25/turn    (no ring)
MPRegen 0.11/turn    (no ring)
                     (no ring)

%: no passive effects
@: lethally poisoned (-1 -> -3), flying
A: almost no armour, amphibious, 8 rings, camouflage 1, gelatinous body 1,
(nimble swimmer 1), tentacles
a: no special abilities


You were on level 3 of the Dungeon.
You visited 1 branch of the dungeon, and saw 3 of its levels.

You collected 121 gold pieces.

Inventory:

Hand Weapons
 e - a +0 short sword
 g - a +2 dagger of venom (weapon)
Jewellery
 j - a +6 ring of intelligence (left tentacle)
Wands
 m - a wand of roots (8)
 o - a wand of polymorph (9)
Scrolls
 c - a scroll of magic mapping {unknown}
 d - a scroll of amnesia {unknown}
 f - 3 scrolls of identify {unknown}
 h - a scroll of silence {unknown}
 i - 2 scrolls of enchant armour {unknown}
 l - a scroll of enchant weapon {unknown}
Potions
 a - a potion of lignification
 k - 2 potions of degeneration
 n - a potion of brilliance {unknown}
 p - a potion of invisibility {unknown}


   Skills:
 - Level 1.0 Fighting
 - Level 2.0 Dodging
 - Level 3.0 Unarmed Combat
 - Level 2.0 Spellcasting
 + Level 5.8 Transmutations


You had 4 spell levels left.
You knew the following spells:

 Your Spells              Type           Power      Damage    Failure   Level
a - Beastly Appendage     Tmut           44%        N/A       1%          1
b - Spider Form           Tmut/Pois      12%        N/A       17%         3

Your spell library contained the following spells:

 Spells                   Type           Power      Damage    Failure   Level
 Wereblood                Tmut           22%        N/A       2%          2
 Ice Form                 Ice/Tmut       12%        N/A       50%         4


Dungeon Overview and Level Annotations

Branches:
Dungeon (3/15)

Altars:
Xom


Innate Abilities, Weirdness & Mutations

You cannot wear most types of armour.
You are amphibious.
You can wear up to eight rings at the same time.
Your skin changes colour to match your surroundings (Stealth+).
Your rubbery body absorbs attacks. (AC +1, EV +1)
((You are camouflaged when in or above water. (Stealth+)))
You have tentacles for arms and can constrict up to eight enemies at once.


Message History

A gnoll and an adder come into view.
The adder hisses angrily.
A bat comes into view.
The gnoll moves out of view.
A gnoll comes into view. It is wielding a +0 whip.
Found two stone staircases leading down.
The adder bites you but does no damage.
There are monsters nearby!
You hit the adder. Your grab misses the adder.
The adder is moderately wounded.
The adder barely misses you.
There are monsters nearby!
Unknown command.
The adder attacks as you move away! The adder bites you.
You are poisoned.
The adder poisons you!
You feel sick. The adder bites you.
You feel sick. The gnoll attacks as you move away!
The gnoll hits you with a +0 whip!
You feel sick. The adder attacks as you move away! The adder bites you.
You are more poisoned.
The adder poisons you! The gnoll attacks as you move away!
The gnoll hits you with a +0 whip.
* * * LOW HITPOINT WARNING * * *
x2 You feel sick.
* * * LOW HITPOINT WARNING * * *
You feel sick. The adder barely misses you.
It was a potion of degeneration.
There was something very wrong with that liquid.
You feel weakened.
You feel dopey.
You feel clumsy.
* * * LOW HITPOINT WARNING * * *
You feel sick. The adder bites you.
* * * LOW HITPOINT WARNING * * *
Unknown command.
It was a potion of flight.
You feel very buoyant.
You fly up into the air.
* * * LOW HITPOINT WARNING * * *
You feel sick. The adder bites you.
You die...

#.# #.# #.# #. #.# .
##)## .#### ##
####...###### .... g..
#...........####.###..#
#.##...####.#g........#
# ##......@Sb..).#...#
#<....#####.#.##...#
####..# #...##..## #..#
######.... #..# #..#...
#.. #..##.... #.. #..#
.### #..# # .>>#


You could see a gnoll, an adder and a bat.

Vanquished Creatures
  A scorpion (D:3)
  Terence (D:2)
  6 adders
  2 worms (D:2)
  2 dart slugs
  An orc (D:2)
  4 endoplasms
  4 goblins
  4 hobgoblins
  7 jackals
  3 kobolds
  3 quokkas
  A ball python (D:2)
  5 bats
  2 frilled lizards (D:1)
  3 rats
49 creatures vanquished.

Notes
Turn   | Place    | Note
-------+----------+-------------------------------------------
     0 | D:1      | leafyfresh the Octopode Transmuter began the quest for the
                  | Orb.
     0 | D:1      | Reached XP level 1. HP: 13/13 MP: 3/3
   261 | D:1      | Reached XP level 2. HP: 18/18 MP: 3/5
   317 | D:1      | Reached skill level 3 in Transmutations
   538 | D:1      | Reached XP level 3. HP: 23/23 MP: 6/6
  1000 | D:2      | Noticed Terence
  1017 | D:2      | Killed Terence
  1018 | D:2      | Reached skill level 4 in Transmutations
  1018 | D:2      | Reached XP level 4. HP: 19/28 MP: 7/7
  1135 | D:2      | Found a shimmering altar of Xom.
  1505 | D:2      | Reached skill level 5 in Transmutations
  1505 | D:2      | Reached XP level 5. HP: 13/33 MP: 6/8
  1509 | D:2      | Learned a level 3 spell: Spider Form
  1995 | D:3      | Slain by an adder

Illustrated notes

Levels and vault maps discovered:
D:1:      matt_arrival_diagonals, layout_rooms, st_stairs_9, lemuel_flame_loot_1
D:2:      layout_basic, basic_altar, uniq_terence
D:3:      layout_loops_ring, lemuel_doored_altar,
          gammafunk_temple_overflow_forgotten, chequers_jeans,
          corexii_leaking_fountain

Skill      XL: |  1  2  3  4 |
---------------+-------------+-----
Transmutations | 3 4 5 |  5.8
Fighting       | |  1.0
Dodging        | |  2.0
Unarmed Combat | |  3.0
Spellcasting   | |  2.0

Action                     |  1- 3 |  4- 6 || total
---------------------------+-------+-------++-------
  Melee: Unarmed           |    51 |       ||    51
         Tentacles         |    10 |     8 ||    18
         Constrict         |    12 |    16 ||    28
         Kick              |    14 |    13 ||    27
         Dagger            |    13 |    60 ||    73
         Punch             |       |     1 ||     1
   Cast: Beastly Appendage |    10 |     6 ||    16
    Use: Potion            |       |     2 ||     2
   Stab: Sleeping          |     7 |     4 ||    11
 Armour: Skin              |     7 |     8 ||    15
  Dodge: Dodged            |    39 |    44 ||    83
